 Dungeon Crawl Stone Soup version 0.28-a0-1356-g2ad6d04315 (webtiles) character file.

Game seed: 9656566446533566847

81 night the Magician (level 4, -1/33 HPs)
             Began as a Demonspawn Wanderer on Dec 30, 2021.
             Succumbed to a gnoll's poison
             ... on level 1 of the Dungeon.
             The game lasted 00:04:50 (1781 turns).

night the Magician (Demonspawn Wanderer)            Turns: 1781, Time: 00:04:51

Health: -1/33      AC:  6    Str: 16    XL:     4   Next: 19%
Magic:  8/10       EV: 11    Int: 14    God:
Gold:   53         SH:  0    Dex: 10    Spells: 10/11 levels left

rFire   . . .      SeeInvis .   a - +2 dagger
rCold   . . .      Faith    .   (no shield)
rNeg    . . .      Spirit   .   d - +1 leather armour
rPois   .          Reflect  .   (helmet restricted)
rElec   .          Harm     .   (no cloak)
rCorr   .          Rampage  .   (no gloves)
Will    .....                   (no boots)
Stlth   ++........              (no amulet)
HPRegen 0.11/turn               (no ring)
MPRegen 0.12/turn               (no ring)

@: brilliant, lethally poisoned (-1 -> -6), flying
A: antennae 1, slimy green scales 1, demonic guardian 1
a: no special abilities


You were on level 1 of the Dungeon.
You visited 1 branch of the dungeon, and saw 2 of its levels.

You collected 53 gold pieces.

Inventory:

Hand Weapons
 a - a +2 dagger (weapon)
 b - a +0 hunting sling
Missiles
 e - 97 stones (quivered)
 h - 14 arrows
 i - 15 poisoned darts
 j - 9 sling bullets
 k - a curare-tipped dart
Armour
 d - a +1 leather armour (worn)
Potions
 c - a potion of attraction


   Skills:
 + Level 2.2 Fighting
 + Level 1.6 Short Blades
 - Level 1.7 Throwing
 - Level 2.1 Stealth
 - Level 4.0 Spellcasting
 + Level 2.0 Poison Magic
 - Level 1.2 Invocations


You had 10 spell levels left.
You knew the following spells:

 Your Spells              Type           Power      Damage    Failure   Level
a - Sting                 Tmut/Pois      32%        1d4       16%         1

Your spell library contained the following spells:

 Spells                   Type           Power      Damage    Failure   Level
 Spider Form              Tmut/Pois      8%         N/A       43%         3


Dungeon Overview and Level Annotations

Branches:
Dungeon (2/15)

Altars:


Innate Abilities, Weirdness & Mutations

You have a pair of small antennae on your head.
You are partially covered in slimy green scales. (AC +2)
A weak demonic guardian rushes to your aid.


Message History

Aiming: Sting (safe; 16% risk of failure)
Press: ? - help, Shift-Dir - straight line, f/p - gnoll
Aim: a gnoll, wielding a +0 spear of venom (lightly wounded, poisoned, 72% to hit)
The sting hits the gnoll but does no damage.
The gnoll looks even sicker.
The gnoll is lightly wounded.
You feel very sick. The gnoll hits you but does no damage.
You are more poisoned.
Casting: Sting (safe; 16% risk of failure)
Confirm with . or Enter, or press ? or * to list all spells.
Aiming: Sting (safe; 16% risk of failure)
Press: ? - help, Shift-Dir - straight line, f/p - gnoll
Aim: a gnoll, wielding a +0 spear of venom (moderately wounded, very poisoned, 72% to hit)
The sting hits the gnoll.
The gnoll looks even sicker.
The gnoll is moderately wounded.
You feel very sick. The gnoll hits you but does no damage.
You are lethally poisoned!
You feel very sick.
You feel very sick.
* * * LOW HITPOINT WARNING * * *
You feel very sick.
There is a stone staircase leading up here.
* * * LOW HITPOINT WARNING * * *
You feel very sick.
You kill the gnoll!
Your Poison Magic skill increases to level 2!
You climb upwards.
* * * LOW HITPOINT WARNING * * *
You feel very sick.
There is a stone staircase leading down here.
It was a potion of brilliance.
You feel clever all of a sudden.
* * * LOW HITPOINT WARNING * * *
You feel sick.
It was a potion of flight.
You feel very buoyant.
You fly up into the air.
You die...

###.#....................#######.
#......###.............######....
...........................#..##.
#####.##.............).......###.
#####............##.##.##....###.
....##..<####..###..##)####...##.
##..##...###...###.###...##......
#>...##>............).##.#.......
##...###.###.#..@..........#####.
##....#......#...........### #.
###...##.#####.######.#### #.
.##....#.# #........# ##
.###...#.# #####...########
..###..###########..........#
..##...'............†.......#
...#..##.......#####........#
.......###.....# #........#


There were no monsters in sight!

Vanquished Creatures
  4 gnolls (D:2)
  5 endoplasms
  A giant cockroach (D:1)
  4 goblins
  2 hobgoblins (D:1)
  4 ball pythons
  4 bats
  3 frilled lizards
  5 kobolds (D:1)
32 creatures vanquished.

Vanquished Creatures (collateral kills)
  An adder (D:2)
  A quokka (D:1)
2 creatures vanquished.

Grand Total: 34 creatures vanquished

Notes
Turn   | Place    | Note
-------+----------+-------------------------------------------
     0 | D:1      | night the Demonspawn Wanderer began the quest for the Orb.
     0 | D:1      | night set off with the following items: a +2 dagger, a
                  | curare-tipped dart, a potion of attraction, a +0 leather
                  | armour; and the following spell memorised: Sting; and the
                  | following spells available to memorise: Spider Form
     0 | D:1      | Reached XP level 1. HP: 15/15 MP: 5/5
   222 | D:1      | Reached skill level 2 in Stealth
   234 | D:1      | Gained mutation: A weak demonic guardian rushes to your
                  | aid. [demonic ancestry]
   234 | D:1      | Reached XP level 2. HP: 9/21 MP: 0/7
   852 | D:1      | Reached skill level 1 in Poison Magic
  1137 | D:2      | Reached skill level 1 in Short Blades
  1258 | D:2      | Gained mutation: You have a pair of small antennae on your
                  | head. [demonic ancestry]
  1258 | D:2      | Reached XP level 3. HP: 26/26 MP: 6/8
  1400 | D:2      | Reached skill level 2 in Fighting
  1755 | D:2      | Gained mutation: You are partially covered in slimy green
                  | scales. (AC +2) [demonic ancestry]
  1755 | D:2      | Reached XP level 4. HP: 23/33 MP: 8/10
  1779 | D:2      | Reached skill level 2 in Poison Magic
  1779 | D:1      | HP: 2/33 [poisoned by a gnoll]
  1781 | D:1      | Succumbed to a gnoll's poison

Illustrated notes

Levels and vault maps discovered:
D:1:      dpeg_arrival_long_road, layout_rooms, minmay_misc_feat_cross
D:2:      layout_loops_ring, basic_ecumenical_altar, serial_shops,
          nicolae_shop_window_shopping, hangedman_decor_opposing,
          serial_bayou_pond_c, minmay_misc_feat_doors

Skill      XL: |  1  2  3  4 |
---------------+-------------+-----
Stealth        | 2 |  2.1
Poison Magic   | 1 2 |  2.0
Short Blades   | 1 |  1.6
Fighting       | 2 |  2.2
Throwing       | |  1.7
Spellcasting   | |  4.0
Invocations    | |  1.2

Action                   |  1- 3 |  4- 6 || total
-------------------------+-------+-------++-------
Melee: Dagger            |    24 |       ||    24
Throw: Stone             |     1 |       ||     1
 Cast: Sting             |    51 |     3 ||    54
  Use: Scroll            |     2 |       ||     2
       Potion            |       |     2 ||     2
Armor: Leather armour    |    18 |     3 ||    21
Dodge: Dodged            |    26 |       ||    26

Table legend: (Time is in decaauts)
 A = Elapsed time spent in this place.
 B = Non-inter-level travel time spent in this place.
 C = Inter-level travel time spent in this place.
 D = Time resting spent in this place.
 E = Time spent auto-exploring this place.
 F = Levels seen in this place.
 G = Mean time per level.
                   A        B        C        D        E       F      G
               +--------+--------+--------+--------+--------+-----+--------+
         Total |   1780 |   1765 |     15 |    494 |    907 |   2 |  890.0 |
       Dungeon |   1780 |   1765 |     15 |    494 |    907 |   2 |  890.0 |
               +--------+--------+--------+--------+--------+-----+--------+

Top non-repeatable levels by time:
     D:1: 1129 daAuts
     D:2: 651 daAuts
